 Dungeon Crawl Stone Soup version 0.22-a0-374-g5dfd9e3 (webtiles) character file.

13541 seren the Grappler (level 12, -6/141 HPs)
             Began as a Barachi Fighter on Apr 26, 2018.
             Was an Elder of Cheibriados.
             Killed from afar by a fire dragon (19 damage)
             ... with a blast of flame
             ... on level 11 of the Dungeon.
             The game lasted 01:11:23 (10887 turns).

seren the Grappler (Barachi Fighter)               Turns: 10887, Time: 01:11:24

Health: -6/141     AC: 26    Str: 28    XL:     12   Next: 7%
Magic:  8/16       EV:  2    Int: 20    God:    Cheibriados [****..]
Gold:   491        SH: 13    Dex: 22    Spells: 11/11 levels left

rFire    . . .     SeeInvis .     - Unarmed
rCold    + . .     Gourm    .   g - +0 shield
rNeg     + + +     Faith    .   (armour currently unavailable)
rPois    +         Spirit   .   (helmet currently unavailable)
rElec    .         Reflect  .   (cloak currently unavailable)
rCorr    .         Harm     .   (gloves currently unavailable)
MR       .....     NoTele   +   (boots currently unavailable)
Stlth    ++........             (no amulet)
HPRegen  0.33/turn              c - ring of flight
MPRegen  0.15/turn              C - ring of protection from cold

@: tree-form, slowed, very slow
A: +LOS, swims
a: Bend Time, Temporal Distortion, Slouch, Renounce Religion


You were on level 11 of the Dungeon.
You worshipped Cheibriados.
Cheibriados was greatly pleased with you.
You were not hungry.
You were a tree.
You visited 1 branch of the dungeon, and saw 12 of its levels.

You collected 666 gold pieces.
You spent 175 gold pieces at shops.

Inventory:

Hand Weapons
 b - a +0 hunting sling
 v - a +2 dagger of flaming
 R - a +0 hand crossbow
Missiles
 f - 309 stones (quivered)
 l - 22 sling bullets
 m - 68 bolts
Armour
 g - a +0 shield (worn)
 n - a +0 plate armour
 p - a +0 chain mail (melded)
 s - a +1 pair of gloves (melded)
 y - +0 acid dragon scales
 K - a +2 cloak of poison resistance (melded)
 L - a +1 pair of boots (melded)
 M - a +1 helmet (melded)
Jewellery
 c - a ring of flight (left branch)
 C - a ring of protection from cold (right branch)
 J - a cursed ring of loudness {unknown}
Wands
 a - a wand of digging (8)
 h - a wand of iceblast (11)
 k - a wand of polymorph (15)
 z - a wand of acid (7)
 G - a wand of scattershot (7)
 I - a wand of disintegration (13)
Scrolls
 e - 2 scrolls of fear
 i - a scroll of amnesia
 o - 3 scrolls of remove curse
 q - a scroll of fog
 x - a scroll of torment {unknown}
 A - a scroll of blinking {!r}
 E - 3 scrolls of enchant weapon
 N - a scroll of vulnerability {unknown}
 O - a scroll of teleportation {!r}
 Q - a scroll of random uselessness {unknown}
Potions
 j - 4 potions of flight
 r - a potion of might
 t - a potion of berserk rage {unknown}
 u - 2 potions of magic
 w - a potion of brilliance
 H - a potion of invisibility
Comestibles
 d - 21 rations
 F - 11 chunks of flesh


   Skills:
 + Level 8.7 Fighting
 + Level 9.2 Armour
 - Level 5.1 Dodging
 + Level 8.8 Shields
 - Level 12.0 Unarmed Combat
 - Level 6.0 Invocations
 - Level 6.0 Evocations


You had 11 spell levels left.
You didn't know any spells.

Dungeon Overview and Level Annotations

Branches:
Dungeon (12/15)            Temple (0/1) D:4
   Lair: D:8-11         Orc: D:9-12

Altars:
Cheibriados
Dithmenos
Fedhas
Gozag
Makhleb
Okawaru
Qazlal
Ru
Sif Muna
Uskayaw
Xom
Zin

Shops:
D:5 :   D:11 *

Annotations:
D:9 TheNamelessOne's ghost, novice OpEE
D:12 exclusion: upstairs


Innate Abilities, Weirdness & Mutations

Shadows flee at your approach. (+LOS)
You can swim through water.
((You cover ground slowly.))
((You can hop short distances.))


Message History

Your +1 pair of gloves melds into your body.
Your +1 pair of boots melds into your body.
Your +0 chain mail melds into your body.
Your roots penetrate the ground.
The kobold hits you but does no damage.
You pummel the kobold!!
You kill the kobold!
Cheibriados appreciates the change of pace.
The kobold hits you but does no damage.
A fire dragon comes into view.
The fire dragon roars deafeningly!
You pummel the kobold!!
You kill the kobold!
Cheibriados thoroughly appreciates the change of pace.
Okay, then.
You cannot move.
Okay, then.
A fire dragon is nearby!
The fire dragon breathes flames at you. The blast of flame hits you!
You die...

###+#...... ...#.....#
.....##..### #
....##..#.#.#..
#...#.........
#...##....# # #...##.# #
#
..####.####..###.##.##...
.
#..)...)D♣....(.........
.
#.########.####.##.##...
. #.# #......##)##... .
.... ##.............
†####.....
####..†>....##...
.<.H...... #......⌠.⌠###
..†....... #.....#.∩.#
......##.# #..#.##⌠.⌠# #.
... ......#
#..#.###..###. ..#


You could see a fire dragon.

Vanquished Creatures
  A sphinx (D:11)
  A hydra (D:11)
  Pikel (D:6)
  An ugly thing (D:12)
  3 cyclopes (D:11)
  2 centaur zombies
  A centaur skeleton (D:12)
  A queen bee (D:8)
  The ghost of NormalPerson7 the Destroyer, a novice TeCj of Ashenzari (D:6)
  A hippogriff (D:8)
  4 slime creatures (D:12)
  Sigmund (D:2)
  A vampire (D:10)
  2 wraiths
  5 yaks
  A hungry ghost (D:12)
  Edmund (D:4)
  An acid dragon (D:12)
  2 porcupines (D:11)
  2 orc warriors
  2 ice beasts
  A slave (D:6)
  2 phantoms (D:5)
  A black bear (D:7)
  A sky beast (D:10)
  4 ogres
  A necrophage (D:8)
  A centaur (D:5)
  A crocodile (D:10)
  Blork the orc (D:5)
  4 bullfrogs
  A big kobold (D:11)
  A wyvern skeleton (D:6)
  19 killer bees
  4 scorpions
  8 howler monkeys
  9 wights
  5 crimson imps
  2 quasits
  3 bullfrog zombies
  4 hounds
  2 jellies
  2 bullfrog skeletons (D:4)
  3 orc priests
  2 orc wizards
  2 iguanas
  Natasha (thrice) (D:2 D:3)
  7 worker ants
  2 hound zombies
  A hound skeleton (D:4)
  A mummy (D:4)
  Robin (D:4)
  2 worker ant zombies
  8 adders
  6 gnolls
  2 shadow imps
  An adder zombie (D:5)
  2 worms
  4 leopard geckos
  29 orcs
  2 ball pythons
  4 bats
  5 giant cockroaches
  11 goblins
  13 hobgoblins
  7 jackals
  8 kobolds
  3 quokkas
  2 frilled lizards
  A hobgoblin zombie (D:4)
  A kobold zombie (D:4)
  A leopard gecko skeleton (D:7)
  A quokka zombie (D:8)
  4 rats
251 creatures vanquished.

Vanquished Creatures (others)
  A fungus (D:11)
  2 plants (D:11)
  4 toadstools (D:1)
7 creatures vanquished.

Grand Total: 258 creatures vanquished

Notes
Turn   | Place    | Note
-------+----------+-------------------------------------------
     0 | D:1      | seren the Barachi Fighter began the quest for the Orb.
     0 | D:1      | Reached XP level 1. HP: 18/18 MP: 1/1
   566 | D:1      | Reached XP level 2. HP: 25/25 MP: 2/2
  1100 | D:2      | Noticed Natasha
  1110 | D:2      | Noticed a crimson imp
  1111 | D:2      | Noticed a crimson imp
  1111 | D:2      | Killed Natasha
  1111 | D:2      | Reached skill level 3 in Unarmed Combat
  1111 | D:2      | Reached XP level 3. HP: 8/30 MP: 3/3
  1462 | D:2      | Found a snail-covered altar of Cheibriados.
  1465 | D:2      | Became a worshipper of Cheibriados the Contemplative
  1553 | D:2      | Noticed Natasha
  1568 | D:2      | Killed Natasha
  1568 | D:2      | Reached skill level 4 in Unarmed Combat
  1568 | D:2      | Reached XP level 4. HP: 22/38 MP: 4/4
  1710 | D:2      | Noticed Sigmund
  1734 | D:2      | Killed Sigmund
  1734 | D:2      | Reached skill level 5 in Fighting
  1734 | D:2      | Reached skill level 5 in Unarmed Combat
  1734 | D:2      | Reached skill level 1 in Invocations
  1734 | D:2      | Reached XP level 5. HP: 10/44 MP: 4/6
  1734 | D:2      | Reached XP level 6. HP: 12/51 MP: 4/7
  2109 | D:2      | Found a stormy altar of Qazlal.
  2331 | D:2      | Found a burning altar of Makhleb.
  2635 | D:3      | Reached * piety under Cheibriados
  2640 | D:3      | Noticed Natasha
  2648 | D:3      | Killed Natasha
  3031 | D:3      | Found a deep blue altar of Sif Muna.
  3291 | D:4      | Reached ** piety under Cheibriados
  3319 | D:4      | Reached skill level 6 in Unarmed Combat
  3319 | D:4      | Reached XP level 7. HP: 42/57 MP: 8/8
  3365 | D:4      | Found a staircase to the Ecumenical Temple.
  3380 | D:4      | Found a sand-covered staircase.
  3539 | D:4      | Noticed Edmund
  3561 | D:4      | Killed Edmund
  4052 | D:4      | Noticed Robin
  4057 | D:4      | Killed Robin
  4181 | D:4      | Reached skill level 7 in Unarmed Combat
  4548 | D:5      | Entered Level 5 of the Dungeon
  4548 | D:5      | Found Detintuy's Book Shop.
  4640 | D:5      | HP: 2/58 [centaur/arrow (8)]
  4949 | D:5      | Reached XP level 8. HP: 60/64 MP: 10/10
  4970 | D:5      | Reached skill level 8 in Unarmed Combat
  5008 | D:5      | Reached skill level 1 in Dodging
  5017 | D:5      | Reached *** piety under Cheibriados
  5061 | D:5      | Noticed Blork the orc
  5075 | D:5      | HP: 3/64 [Blork the orc/puff of frost (10)]
  5076 | D:5      | Killed Blork the orc
  5686 | D:5      | Reached skill level 5 in Armour
  5807 | D:5      | Reached skill level 5 in Shields
  5816 | D:5      | Reached skill level 9 in Unarmed Combat
  5816 | D:5      | Reached XP level 9. HP: 69/69 MP: 11/11
  6075 | D:6      | Found a shadowy altar of Dithmenos.
  6076 | D:6      | Noticed Pikel
  6263 | D:6      | Noticed NormalPerson7's ghost (novice TeCj)
  6272 | D:6      | Killed NormalPerson7's ghost
  6474 | D:6      | Reached skill level 10 in Unarmed Combat
  6811 | D:6      | Reached skill level 1 in Evocations
  6886 | D:6      | Killed Pikel
  7113 | D:7      | Reached **** piety under Cheibriados
  7562 | D:7      | Found a blossoming altar of Fedhas.
  7663 | D:8      | Reached XP level 10. HP: 71/77 MP: 12/12
  7847 | D:8      | Reached ***** piety under Cheibriados
  7847 | D:8      | Reached skill level 11 in Unarmed Combat
  7946 | D:8      | Found an iron altar of Okawaru.
  8280 | D:8      | Noticed a dagger
  8281 | D:8      | Noticed a hand axe
  8283 | D:8      | Found a hide-covered altar of Uskayaw.
  8480 | D:9      | Found a glowing silver altar of Zin.
  8528 | D:9      | Noticed TheNamelessOne's ghost (novice OpEE)
  8533 | D:9      | Found a shimmering altar of Xom.
  8533 | D:9      | Found an opulent altar of Gozag.
  8769 | D:10     | Entered Level 10 of the Dungeon
  9155 | D:10     | Reached skill level 5 in Dodging
  9155 | D:10     | Reached skill level 5 in Evocations
  9283 | D:9      | Found a sacrificial altar of Ru.
  9530 | D:11     | Noticed a cyclops
  9555 | D:11     | Killed a cyclops
  9555 | D:11     | Reached XP level 11. HP: 45/86 MP: 11/15
  9557 | D:11     | Noticed a sphinx
  9558 | D:11     | Paralysed by a sphinx for 6 turns
  9923 | D:11     | Noticed a cyclops
  9929 | D:11     | Killed a cyclops
  9985 | D:11     | Noticed a deep troll
 10128 | D:12     | Reached skill level 12 in Unarmed Combat
 10306 | D:11     | Found Cuila's Assorted Antiques.
 10312 | D:11     | Noticed a five-headed hydra
 10331 | D:12     | Noticed a two-headed ogre
 10365 | D:12     | Reached skill level 5 in Invocations
 10462 | D:12     | Noticed a brown ugly thing
 10488 | D:12     | Killed a brown ugly thing
 10607 | D:12     | Noticed a manticore
 10619 | D:12     | Noticed a cyclops
 10781 | D:11     | Killed a five-headed hydra
 10795 | D:11     | Noticed a cyclops
 10809 | D:11     | Killed a cyclops
 10817 | D:11     | Bought a potion of heal wounds for 175 gold pieces
 10832 | D:11     | Paralysed by a sphinx for 2 turns
 10851 | D:11     | Paralysed by a sphinx for 7 turns
 10875 | D:11     | HP: 4/86 [sphinx (11)]
 10876 | D:11     | Killed a sphinx
 10876 | D:11     | Reached XP level 12. HP: 4/94 MP: 10/16
 10882 | D:11     | Noticed a fire dragon
 10887 | D:11     | Killed from afar by a fire dragon

Vault maps used:
D:1:      ldierk_water_garden
D:2:      grunt_qazlal_sundering, makhleb_grotto_becter, lemuel_doored_altar,
          uniq_natasha, uniq_sigmund, uniq_robin
D:3:      lemuel_blue_sif_altar, minmay_liquid_box
D:4:      minmay_temple_entry_mist, first_ration, nicolae_ossuary_entry_giza,
          uniq_edmund
D:5:      serial_shops, shop, uniq_blork_the_orc
D:6:      nicolae_dithmenos_through_a_glass_darkly, uniq_pikel
D:7:      kb_forest_paths, fedhas_altar_fruit_tree
D:8:      dancing_weapons_uskayaw, okawaru_gym_becter, david_nohive_1,
          kennysheep_nondescript
D:9:      zin_scriptorium, lemuel_crystal_altar, grunt_temple_overflow_open
D:11:     minmay_glassy_protrusions, minmay_lair_entry_grove, david_orc_4,
          serial_shops, shop_fountains, portal_ice_cave_entry_pillars_2
D:12:     enter_bailey_7

Skill      XL: |  1  2  3  4  5  6  7  8  9 10 11 |
---------------+----------------------------------+-----
Fighting       | 4 5 6 7 8 |  8.7
Unarmed Combat | 3 4 5 6 7 9 10 11 12 | 12.0
Invocations    | 1 2 3 6 |  6.0
Armour         | 5 7 9 |  9.2
Dodging        | 3 4 5 |  5.1
Shields        | 5 6 8 |  8.8
Evocations     | 2 5 6 |  6.0

Action                   |  1- 3 |  4- 6 |  7- 9 | 10-12 || total
-------------------------+-------+-------+-------+-------++-------
Melee: Unarmed           |    96 |   141 |   358 |   365 ||   960
 Fire: Hunting sling     |    27 |    49 |    92 |     8 ||   176
Invok: Bend Time         |       |       |     8 |     9 ||    17
       Slouch            |       |       |       |     6 ||     6
 Abil: Hop               |       |       |     1 |       ||     1
Evoke: Wand              |       |       |       |     3 ||     3
  Use: Scroll            |       |     2 |     5 |    11 ||    18
       Potion            |       |     1 |     8 |     6 ||    15
  Eat: Chunk             |     3 |     5 |     8 |     9 ||    25
Armor: Scale mail        |    32 |    57 |    46 |       ||   135
       Chain mail        |       |       |    44 |   177 ||   221
       Skin              |       |       |       |     2 ||     2
Dodge: Dodged            |    25 |    24 |    79 |   141 ||   269
Block: Shield            |    54 |    64 |   148 |   235 ||   501

Table legend:
 A = Spawn XP
 B = Non-spawn XP
 C = Spawn XP percentage of total XP
 D = Spawn monster count
 E = Non-spawn monster count
 F = Spawn count percentage of total count
 G = Total turns spent on level
                    A         B        C        D         E        F      G
               +---------+---------+-------+---------+---------+-------+---------
         Total |       0 |   19345 |   0.0 |       0 |     250 |   0.0 | 10887
               +---------+---------+-------+---------+---------+-------+---------
           D:1 |       0 |      15 |   0.0 |       0 |       9 |   0.0 |  1078
           D:2 |       0 |     394 |   0.0 |       0 |      25 |   0.0 |  1421
           D:3 |       0 |      91 |   0.0 |       0 |      18 |   0.0 |   754
           D:4 |       0 |     568 |   0.0 |       0 |      33 |   0.0 |  1919
           D:5 |       0 |    1306 |   0.0 |       0 |      36 |   0.0 |   879
           D:6 |       0 |    1490 |   0.0 |       0 |      13 |   0.0 |   883
           D:7 |       0 |     682 |   0.0 |       0 |      15 |   0.0 |   711
           D:8 |       0 |    2206 |   0.0 |       0 |      33 |   0.0 |  1003
           D:9 |       0 |     174 |   0.0 |       0 |       3 |   0.0 |   176
          D:10 |       0 |    2057 |   0.0 |       0 |      21 |   0.0 |   977
          D:11 |       0 |    5919 |   0.0 |       0 |      18 |   0.0 |   399
          D:12 |       0 |    4443 |   0.0 |       0 |      26 |   0.0 |   687
               +---------+---------+-------+---------+---------+-------+---------
